 Dungeon Crawl Stone Soup version 0.22.0-5-gf09313c8f9 (webtiles) character file.

959 Peloso the Shield-Bearer (level 7, -7/60 HPs)
             Began as a Minotaur Fighter on Aug 14, 2018.
             Mangled by a wight
             ... wielding a +3 halberd
              (10 damage)
             ... on level 7 of the Dungeon.
             The game lasted 00:08:47 (4703 turns).

Peloso the Shield-Bearer (Minotaur Fighter)         Turns: 4703, Time: 00:08:47

Health: -7/60      AC: 16    Str: 21    XL:     7   Next: 91%
Magic:  0/0        EV:  9    Int: 12    God:
Gold:   236        SH: 11    Dex: 11    Spells: 6/6 levels left

rFire    . . .     SeeInvis .   m - +10 short sword of Quick Death {protect, +Fly rC- MP-9 Int+7}
rCold    x . .     Gourm    +   c - +1 shield
rNeg     . . .     Faith    .   b - +0 scale mail
rPois    .         Spirit   .   (helmet restricted)
rElec    .         Reflect  .   (no cloak)
rCorr    +         Harm     .   (no gloves)
MR       .....                  r - +0 pair of boots
Stlth    ..........             i - amulet of the gourmand
HPRegen  0.20/turn              n - ring of wizardry
MPRegen  0.07/turn              w - ring of resist corrosion

@: protection aura
A: retaliatory headbutt, horns 2
a: Evoke Flight


You were on level 7 of the Dungeon.
You were not hungry.

You visited 1 branch of the dungeon, and saw 7 of its levels.

You collected 236 gold pieces.

Inventory:

Hand Weapons
 a - a +0 long sword
 m - the +10 short sword of Quick Death (weapon) {protect, +Fly rC- MP-9 Int+7}
   (You found it on level 6 of the Dungeon)

   It protects the one who uses it against injury (+AC on strike).
   It affects your intelligence (+7).
   It makes you vulnerable to cold.
   It affects your magic capacity (-9).
   It lets you fly.
Armour
 b - a +0 scale mail (worn)
 c - a +1 shield (worn)
 r - a +0 pair of boots (worn)
Jewellery
 i - an amulet of the gourmand (around neck)
 n - a ring of wizardry (left hand)
 w - a ring of resist corrosion (right hand)
 y - an uncursed amulet of faith {unknown}
Wands
 p - a wand of iceblast (7)
Scrolls
 g - a scroll of enchant armour
 k - a scroll of amnesia {unknown}
 q - a scroll of teleportation
 u - a scroll of silence {unknown}
 v - a scroll of remove curse
Potions
 d - a potion of mutation {unknown}
 e - a potion of haste
 h - a potion of heal wounds
 j - 2 potions of curing {unknown}
 l - 3 potions of agility {unknown}
 o - a potion of lignification {unknown}
 s - 2 potions of degeneration {unknown}
 t - a potion of magic {unknown}
Comestibles
 f - 12 rations


   Skills:
 + Level 4.9 Fighting
 + Level 3.1(4.2) Short Blades
 + Level 4.6(5.2) Long Blades
 + Level 6.5 Armour
 + Level 2.7 Dodging
 + Level 1.1 Stealth
 + Level 6.6 Shields


You had 6 spell levels left.
You didn't know any spells.
Your spell library was empty.

Dungeon Overview and Level Annotations

Branches:
Dungeon (7/15)
 Temple: D:4-7

Altars:
Ashenzari
Cheibriados
Dithmenos
Fedhas
Nemelex Xobeh


Innate Abilities, Weirdness & Mutations

You reflexively headbutt those who attack you in melee.
You have a pair of horns on your head.


Message History

An orc priest comes into view. It is wielding a trident.
You barely miss the wight. You headbutt the wight.
The wight is almost destroyed.
You block the howler monkey's attack. The orc warrior completely misses you.
You block the wight's attack.
A jelly comes into view.
The orc priest invokes the aid of Beogh against you.
Beogh smites you!
* * * LOW HITPOINT WARNING * * *
The wight hits you but does no damage.
The howler monkey hoots and howls with incredible vigour!
You hear an angry buzzing noise.
You hear an angry hiss.
You hear an angry buzzing noise. x2; You hear a shout! x2
You hit the wight.
You destroy the wight!
The orc warrior barely misses you. You block the howler monkey's attack.
You puncture the wight!
The wight is heavily damaged.
The wight hits you from afar with an enchanted halberd!
You die...

<...... ....
.......... ....
.......)... ..o.h
............ ##...
........... ....
#.........### .o#
#..........z###o##..##
#..........zz@h.......
...........###)....J..
.........(............
.......<...####.......
.#.............#......
##...................
#.####......$.......
.. #.............. .#
#...###..


You could see an orc warrior, a howler monkey, a jelly, 3 wights, an orc priest
and an orc wizard.

Vanquished Creatures
  Eustachio (D:6)
  Edmund (D:4)
  A sky beast (D:6)
  An ogre (D:6)
  A gnoll sergeant (D:6)
  A scorpion (D:4)
  2 wights (D:7)
  A bullfrog zombie (D:5)
  An orc wizard (D:6)
  A hound (D:7)
  Ijyb (D:5)
  An iguana (D:4)
  A worker ant (D:6)
  3 gnolls (D:6)
  5 adders
  2 shadow imps (D:5)
  3 worms
  4 dart slugs
  2 leopard geckos (D:6)
  6 orcs
  2 giant cockroaches
  9 goblins
  8 hobgoblins
  A jackal (D:6)
  A quokka (D:3)
  6 bats
  6 frilled lizards
  7 kobolds
  A quokka skeleton (D:5)
  4 rats
84 creatures vanquished.

Notes
Turn   | Place    | Note
-------+----------+-------------------------------------------
     0 | D:1      | Peloso the Minotaur Fighter began the quest for the Orb.
     0 | D:1      | Reached XP level 1. HP: 19/19 MP: 0/0
    84 | D:1      | Reached XP level 2. HP: 27/27 MP: 1/1
   541 | D:2      | Found a snail-covered altar of Cheibriados.
   606 | D:2      | Reached XP level 3. HP: 33/33 MP: 2/2
   659 | D:2      | Found a shattered altar of Ashenzari.
   888 | D:2      | You fall through a shaft for 2 floors!
   979 | D:2      | Found a shadowy altar of Dithmenos.
  1408 | D:3      | Reached XP level 4. HP: 37/40 MP: 3/3
  1591 | D:3      | Found a sparkling altar of Nemelex Xobeh.
  1607 | D:3      | Reached skill level 5 in Shields
  1616 | D:3      | Found a blossoming altar of Fedhas.
  1796 | D:4      | Reached skill level 1 in Dodging
  2025 | D:4      | Reached XP level 5. HP: 28/46 MP: 4/4
  2564 | D:4      | Noticed Edmund
  2802 | D:4      | Killed Edmund
  2802 | D:4      | Reached skill level 5 in Armour
  2802 | D:4      | Reached XP level 6. HP: 45/52 MP: 5/5
  2963 | D:5      | Entered Level 5 of the Dungeon
  3116 | D:5      | Noticed Ijyb
  3179 | D:5      | Killed Ijyb
  3660 | D:5      | Reached skill level 1 in Stealth
  3967 | D:6      | Got a scorched short sword
  3968 | D:6      | Identified the +10 short sword of Quick Death {protect, +Fly rC- MP-9 Int+7} (You found it on level 6 of the Dungeon)
  4368 | D:6      | Noticed a sky beast
  4376 | D:6      | Killed a sky beast
  4376 | D:6      | Reached skill level 1 in Short Blades
  4376 | D:6      | Reached XP level 7. HP: 50/60 MP: 0/6
  4420 | D:6      | Noticed Eustachio
  4443 | D:6      | Killed Eustachio
  4701 | D:7      | HP: 3/60 [orc priest/divine providence (14)]
  4703 | D:7      | Mangled by a wight

Skill      XL: |  1  2  3  4  5  6  7 |
---------------+----------------------+-----
Armour         | 4 5 6 |  6.5
Shields        | 4 5 6 |  6.6
Fighting       | 4 |  4.9
Long Blades    | 3 4 |  4.6
Dodging        | 1 2 |  2.7
Stealth        | 1 |  1.1
Short Blades   | 1 3 |  3.1

Action                   |  1- 3 |  4- 6 |  7- 9 || total
-------------------------+-------+-------+-------++-------
Melee: Long sword        |   109 |   120 |       ||   229
       Headbutt          |    21 |    29 |     6 ||    56
       Short sword       |       |    18 |    47 ||    65
  Use: Potion            |       |     1 |       ||     1
       Scroll            |       |     7 |       ||     7
  Eat: Chunk             |     1 |     6 |     6 ||    13
       Ration            |       |     1 |       ||     1
Armor: Scale mail        |    57 |    61 |    29 ||   147
Dodge: Dodged            |    48 |    37 |    17 ||   102
Block: Shield            |    80 |    78 |    33 ||   191
       Rpst.: Long sword |     5 |     7 |       ||    12
